[Event "*** SCC Grand Prix: Titled Tuesday Blitz"]
[Site "Chess.com"]
[Date "2020.08.11"]
[Round "8"]
[White "xamax2000"]
[Black "Artur0208"]
[Result "1-0"]
[WhiteElo "2651"]
[BlackElo "2746"]
[TimeControl "180+1"]
[EndTime "11:31:58 PDT"]
[Termination "xamax2000 won by checkmate"]

1. e4 e5 2. Nf3 Nc6 3. Bb5 a6 4. Ba4 g6 5. d4 exd4 6. Nxd4 Bg7 7. Nxc6 bxc6 8. Nc3 Ne7 9. Be3 O-O 10. Qd2 Rb8 11. Bb3 d6 12. h4 h5 13. O-O-O Be6 14. f3 c5 15. g4 c4 16. Ba4 hxg4 17. h5 gxf3 18. Bh6 f5 19. hxg6 f4 20. Bxg7 Kxg7 21. Rh7+ Kxg6 22. Qh2 Ng8 23. Rg1+ Kf6 24. Qxf4+ Bf5 25.
Qxf5# 1-0

[Event "*** SCC Grand Prix: Titled Tuesday Blitz"]
[Site "Chess.com"]
[Date "2020.08.11"]
[Round "8"]
[White "Tsyhanchuk_Stanislav"]
[Black "MVM2008"]
[Result "1-0"]
[WhiteElo "2381"]
[BlackElo "2205"]
[TimeControl "180+1"]
[EndTime "11:31:59 PDT"]
[Termination "Tsyhanchuk_Stanislav won by checkmate"]

1. e4 c5 2. Nf3 e6 3. d4 cxd4 4. Nxd4 a6 5. Bd3 Nc6 6. Nxc6 bxc6 7. O-O d6 8. c4 Nf6 9. Nc3 g6 10. f4 Bg7 11. b3 Qb6+ 12. Kh1 Nxe4 13. Nxe4 Bxa1 14.
Nxd6+ Kd7 15. Ba3 Bd4 16. Be4 f5 17. c5 Bxc5 18. Nc4+ Kc7 19. Nxb6 Kxb6 20. Bxc5+ Kxc5 21. Qc2+ Kb4 22. a3+ Kxa3 23. Ra1+ Kb4 24. Qc4# 1-0

[Event "*** SCC Grand Prix: Titled Tuesday Blitz"]
[Site "Chess.com"]
[Date "2020.08.11"]
[Round "8"]
[White "ChessicallyInclined"]
[Black "ZverevLev"]
[Result "0-1"]
[WhiteElo "2470"]
[BlackElo "2323"]
[TimeControl "180+1"]
[EndTime "11:32:11 PDT"]
[Termination "ZverevLev won by resignation"]

1. d4 Nf6 2. c4 e6 3. Nc3 Bb4 4. e3 d5 5. Ne2 O-O 6. a3 Bxc3+ 7. Nxc3 dxc4 8. Bxc4 a6 9. Qf3 Nc6 10. O-O e5 11. d5 Ne7 12. e4 Ne8 13. Bg5 Nd6 14. Ba2 h6 15. Bh4 g5 16. Bg3 Ng6 17. Rac1 Kg7 18. Rfd1 Rh8 19. h3 h5 20. Na4 g4 21.
Qc3 Nxe4 22. Bxe5+ Kh7 23. Qd4 Re8 24. Bxc7 Qg5 25.
hxg4 Bxg4 26. Rd3 Qxc1+ 0-1

[Event "*** SCC Grand Prix: Titled Tuesday Blitz"]
[Site "Chess.com"]
[Date "2020.08.11"]
[Round "8"]
[White "Rodalquilar"]
[Black "okriak"]
[Result "1-0"]
[WhiteElo "2625"]
[BlackElo "2743"]
[TimeControl "180+1"]
[EndTime "11:32:20 PDT"]
[Termination "Rodalquilar won by resignation"]

1. d4 Nc6 2. Nf3 Nb8 3. e4 d5 4. exd5 e6 5. dxe6 Bxe6 6. Nc3 Nf6 7. Bd3 Bb4 8. O-O Bxc3 9. bxc3 O-O 10. Ng5 Bc8 11.
Qf3 h6 12. Ne4 Nbd7 13. Bf4 Nxe4 14. Bxe4 c6 15. h3 Nf6 16. Bd3 Be6 17. Be5 Nd7 18. Qe4 f5 19. Qe2 Nxe5 20. Qxe5 Qd7 21. Rfe1 Rae8 22.
Qf4 g5 23. Qf3 f4 24. Qh5 Qg7 25. Rxe6 Rxe6 26. Bc4 Rf6 27. Qe8+ Qf8 28. Bxe6+ 1-0

[Event "*** SCC Grand Prix: Titled Tuesday Blitz"]
[Site "Chess.com"]
[Date "2020.08.11"]
[Round "8"]
[White "tteshan"]
[Black "TurboSteen"]
[Result "1-0"]
[WhiteElo "2237"]
[BlackElo "2008"]
[TimeControl "180+1"]
[EndTime "11:32:22 PDT"]
[Termination "tteshan won by resignation"]

1. e4 e6 2. d4 d5 3. Nd2 Nf6 4. e5 Nfd7 5. Bd3 c5 6. c3 Nc6 7.
Ne2 cxd4 8. cxd4 f6 9. exf6 Nxf6 10.
Nf3 Bd6 11. O-O Qc7 12. Bg5 O-O 13. Re1 Ng4 14. h3 Bh2+ 15. Kf1 Nxf2 16. Kxf2 e5 17.
dxe5 Nxe5 18. Qb3 Nxf3 19. Qxd5+ Kh8 20. gxf3 Bxh3 21. Rh1 Rad8 22. Qe4 Bf5 23. Qh4 Bxd3 24.
Qxh2 h6 25. Bxh6 Bxe2 26. Bxg7+ Kxg7 27. Qxc7+ 1-0

[Event "*** SCC Grand Prix: Titled Tuesday Blitz"]
[Site "Chess.com"]
[Date "2020.08.11"]
[Round "8"]
[White "Onischuk_V"]
[Black "Adham_Fawzy"]
[Result "1-0"]
[WhiteElo "2915"]
[BlackElo "2741"]
[TimeControl "180+1"]
[EndTime "11:32:25 PDT"]
[Termination "Onischuk_V won by checkmate"]

1. e4 c5 2. Nc3 Nc6 3. Bb5 Nd4 4. Bc4 a6 5. Nce2 b5 6. Bd5 Rb8 7. Nxd4 cxd4 8. Bxf7+ Kxf7 9. Qh5+ g6 10. Qe5 d6 11.
Qxh8 Nf6 12. Nf3 h6 13. d3 Bg4 14. Bxh6 Bxf3 15. gxf3 Qa5+ 16. Bd2 Qc7 17. Rc1 Qd7 18. Rg1 Qe6 19. Qh4 Qxa2 20. b3 Rc8 21. Kd1 a5 22. Qg5 Ke8 23. Qxg6+ Kd8 24. Qf7 Kd7 25. Rg6 Kc6 26. Qe6 Kb7 27. Rg5 Kc7 28. Rxb5 a4 29. Ba5+ Kc6 30. Qxc8+ Kxb5 31. Qb7+ Kxa5 32. b4# 1-0

[Event "*** SCC Grand Prix: Titled Tuesday Blitz"]
[Site "Chess.com"]
[Date "2020.08.11"]
[Round "8"]
[White "Danfii"]
[Black "Ze-Pequeno"]
[Result "1-0"]
[WhiteElo "2360"]
[BlackElo "2168"]
[TimeControl "180+1"]
[EndTime "11:32:29 PDT"]
[Termination "Danfii won by resignation"]

1. e4 c5 2. Nf3 d6 3. d4 cxd4 4. Nxd4 Nf6 5. Nc3 a6 6. Be3 e6 7. g4 h6 8. h4 h5 9. gxh5 Nxh5 10.
Qd2 Bd7 11. O-O-O Nc6 12. Kb1 Qa5 13. Be2 Nf6 14. f3 O-O-O 15. Nb3 Qc7 16. Na4 Re8 17. Bb6 Qb8 18. Qc3 d5 19. Nbc5 Bxc5 20. Nxc5 Qe5 21.
Qb3 Nd4 22. Rxd4 Qxd4 23. Nxd7 1-0

[Event "*** SCC Grand Prix: Titled Tuesday Blitz"]
[Site "Chess.com"]
[Date "2020.08.11"]
[Round "8"]
[White "catzapto"]
[Black "peixe64"]
[Result "0-1"]
[WhiteElo "1988"]
[BlackElo "2310"]
[TimeControl "180+1"]
[EndTime "11:32:30 PDT"]
[Termination "peixe64 won by resignation"]

1. e4 e5 2. Nf3 Nc6 3. d4 exd4 4. Bc4 Nf6 5. e5 d5 6. Bb5 Ne4 7. Nxd4 Bd7 8. Bxc6 bxc6 9. O-O Bc5 10. f3 Ng5 11. f4 Ne4 12. Be3 Bb6 13. c3 c5 14. Nc2 Bc6 15. Nd2 Nxd2 16. Qxd2 f6 17. Rae1 O-O 18. e6 f5 19. b4 Qd6 20. e7 Rfe8 21.
bxc5 Bxc5 22. Bxc5 Qxc5+ 23. Qf2 Qxf2+ 24. Rxf2 Kf7 25. Nd4 Bd7 26. Re5 Rxe7 27. Nxf5 Rxe5 28. fxe5 Bxf5 29. Rxf5+ Ke6 30. Rg5 g6 31. h4 Rf8 32. h5 Rf5 33.
hxg6 Rxg5 34. gxh7 Rh5 0-1

[Event "*** SCC Grand Prix: Titled Tuesday Blitz"]
[Site "Chess.com"]
[Date "2020.08.11"]
[Round "8"]
[White "KyronGriffith"]
[Black "anskam"]
[Result "1-0"]
[WhiteElo "2348"]
[BlackElo "1553"]
[TimeControl "180+1"]
[EndTime "11:32:31 PDT"]
[Termination "KyronGriffith won by checkmate"]

1. e4 e5 2. Nf3 Nc6 3. Nc3 d6 4. d4 exd4 5. Nxd4 Nf6 6. Be3 Be7 7.
f3 Nxd4 8. Qxd4 O-O 9. O-O-O a6 10. g4 b5 11. g5 Nh5 12. Rg1 g6 13. Kb1 Be6 14.
h4 c5 15. Qd2 Qa5 16. Nd5 Qd8 17. Be2 Bxd5 18. Qxd5 c4 19. f4 Ng7 20. f5 gxf5 21. exf5 Re8 22. g6 hxg6 23. fxg6 Rf8 24. gxf7+ Rxf7 25. Bh5 Qf8 26. Rdf1 Bxh4 27. Rxf7 Kh8 28. Rxf8+ Rxf8 29. Bd4 Rg8 30. Bxg7+ Rxg7 31. Qd4 Bf6 32. Qxf6 d5 33. Qxg7# 1-0

[Event "*** SCC Grand Prix: Titled Tuesday Blitz"]
[Site "Chess.com"]
[Date "2020.08.11"]
[Round "8"]
[White "LaPorfia"]
[Black "GlennTipton"]
[Result "0-1"]
[WhiteElo "2246"]
[BlackElo "2436"]
[TimeControl "180+1"]
[EndTime "11:32:31 PDT"]
[Termination "GlennTipton won on time"]

1. d4 Nf6 2. Nf3 d5 3. Bf4 c5 4. e3 Nc6 5. c3 Qb6 6. Qb3 c4 7. Qxb6 axb6 8. Na3 e5 9. Nb5 Ra5 10. Nc7+ Kd7 11. dxe5 Nh5 12. Nxd5 Rxd5 13. Bxc4 Ra5 14.
Bxf7 Nxf4 15. exf4 Ke7 16. Bb3 Be6 17. Bxe6 Kxe6 18.
O-O Be7 19. a3 Rd5 20. g4 g6 21. Rad1 Rxd1 22. Rxd1 Rd8 23. Rxd8 Bxd8 24. h4 h5 0-1

[Event "*** SCC Grand Prix: Titled Tuesday Blitz"]
[Site "Chess.com"]
[Date "2020.08.11"]
[Round "8"]
[White "blitzking1729"]
[Black "amatatanav"]
[Result "1-0"]
[WhiteElo "2611"]
[BlackElo "2459"]
[TimeControl "180+1"]
[EndTime "11:32:35 PDT"]
[Termination "blitzking1729 won on time"]

1. c4 e6 2. Nc3 d5 3. cxd5 exd5 4. d4 Nf6 5. Bg5 Be7 6. e3 h6 7. Bh4 O-O 8. Bd3 c6 9. Qc2 Re8 10. Nge2 Nbd7 11. O-O Ne4 12. Bxe7 Qxe7 13. Rab1 Ndf6 14. b4 Bf5 15. b5 Nxc3 16. Nxc3 Bxd3 17. Qxd3 c5 18.
dxc5 Qxc5 19. Rfd1 Rad8 20. Ne2 Ne4 21. Rbc1 Qd6 22.
Nf4 Nf6 23. a4 Re4 24. Qc2 g5 25. Nxd5 Nxd5 26. Qxe4 Qa3 27. Qd3 Qxa4 28. e4 1-0

[Event "*** SCC Grand Prix: Titled Tuesday Blitz"]
[Site "Chess.com"]
[Date "2020.08.11"]
[Round "8"]
[White "AleksanderHnydiuk"]
[Black "AGW2016"]
[Result "1-0"]
[WhiteElo "2543"]
[BlackElo "2324"]
[TimeControl "180+1"]
[EndTime "11:32:35 PDT"]
[Termination "AleksanderHnydiuk won by resignation"]

1. e4 c5 2. Nf3 d6 3. d4 cxd4 4. Nxd4 Nf6 5. Nc3 Nc6 6. f3 e5 7. Nb3 Be7 8. Be3 Be6 9. Qd2 O-O 10. O-O-O a5 11. Bb5 Rc8 12. Kb1 Nb4 13. a3 Na6 14. Na4 Bc4 15. Bxc4 Rxc4 16. Nb6 Rc6 17. Qxa5 Nd7 18. Nd5 Bg5 19. Qxd8 Bxd8 20. Rd2 f5 21. exf5 Rxf5 22. Rhd1 Nac5 23. Nxc5 Nxc5 24. Nb4 Rc8 25. Rxd6 Be7 26. Bxc5 Rxc5 27. Rd7 Kf7 28. Nd5 1-0

[Event "*** SCC Grand Prix: Titled Tuesday Blitz"]
[Site "Chess.com"]
[Date "2020.08.11"]
[Round "8"]
[White "Evgeny81"]
[Black "korkmaz16"]
[Result "1-0"]
[WhiteElo "2691"]
[BlackElo "2345"]
[TimeControl "180+1"]
[EndTime "11:32:39 PDT"]
[Termination "Evgeny81 won by resignation"]

1. e4 c5 2. d4 cxd4 3. c3 d5 4.
exd5 Qxd5 5. Nf3 Nc6 6. Be2 d3 7. Bxd3 Bg4 8. Be2 Qxd1+ 9. Bxd1 e5 10. Be3 f6 11. O-O O-O-O 12. Nbd2 Nge7 13. h3 Be6 14. Ne4 Nd5 15. Bd2 Nf4 16. Bxf4 exf4 17. Re1 Bd5 18.
Bb3 Bxb3 19. axb3 a6 20. Ned2 Bc5 21. b4 Ba7 22. Re4 g5 23. Re6 Rhf8 24. b5 Nb8 25. b6 Bxb6 26. Rxb6 Nc6 27. Rb3 Rfe8 28. Nc4 h5 29. Re1 g4 30. Rxe8 Rxe8 31. Nd6+ Kd7 32. Nxe8 gxf3 33. Nxf6+ Ke6 34. Rxb7 1-0

[Event "*** SCC Grand Prix: Titled Tuesday Blitz"]
[Site "Chess.com"]
[Date "2020.08.11"]
[Round "8"]
[White "MashaFromRussia"]
[Black "Mbneu"]
[Result "1-0"]
[WhiteElo "2410"]
[BlackElo "2235"]
[TimeControl "180+1"]
[EndTime "11:32:39 PDT"]
[Termination "MashaFromRussia won by resignation"]

1. d4 Nf6 2. c4 c5 3. d5 e6 4. Nc3 exd5 5. cxd5 d6 6. Nf3 g6 7. e4 Bg7 8. Be2 O-O 9. O-O a6 10. a4 Bg4 11. Bf4 Qc7 12. h3 Bxf3 13. Bxf3 Nbd7 14. Bg3 Rfe8 15. Re1 Ne5 16. Be2 g5 17. Qc2 Ng6 18. f3 Nd7 19. Nd1 Nf4 20. Nf2 Bd4 21. Kh2 Ne5 22.
Bf1 h5 23. Qd2 Neg6 24. Nd1 Be5 25. Kh1 h4 26. Bh2 f6 27. Ne3 Nh5 28. Bxe5 Nxe5 29. Nf5 Rad8 30. Rac1 Qh7 31. b4 cxb4 32. Qxb4 g4 33.
fxg4 Nxg4 34. hxg4 Ng3+ 35. Kg1 1-0

[Event "*** SCC Grand Prix: Titled Tuesday Blitz"]
[Site "Chess.com"]
[Date "2020.08.11"]
[Round "8"]
[White "Alberquintin"]
[Black "DishonorOnYourCow"]
[Result "1-0"]
[WhiteElo "2528"]
[BlackElo "2321"]
[TimeControl "180+1"]
[EndTime "11:32:40 PDT"]
[Termination "Alberquintin won by resignation"]

1. e4 e5 2. Nf3 Nc6 3. Bb5 Nf6 4. d3 Bc5 5. O-O d6 6. c3 O-O 7. Nbd2 a6 8. Ba4 Ba7 9. h3 Ne7 10. Re1 Ng6 11. Nf1 c6 12. Be3 d5 13. Bxa7 Rxa7 14.
exd5 cxd5 15. Nxe5 Nxe5 16. Rxe5 Qd6 17. d4 b5 18. Bc2 Re7 19. Rxe7 Qxe7 20. Ne3 b4 21.
Qf3 bxc3 22. bxc3 Be6 23. Re1 Qc7 24. Ng4 Nxg4 25. hxg4 Rc8 26. Re3 Qb6 27. Bf5 Re8 28.
Qxd5 g6 29. Bxe6 fxe6 30. Qe4 Qb2 31. Qc6 Rf8 32. Qxe6+ Kg7 33. f3 Rb8 34. g5 Rb7 35. Qf6+ 1-0

[Event "*** SCC Grand Prix: Titled Tuesday Blitz"]
[Site "Chess.com"]
[Date "2020.08.11"]
[Round "8"]
[White "Paladin61"]
[Black "amintabatabaei"]
[Result "0-1"]
[WhiteElo "2661"]
[BlackElo "3025"]
[TimeControl "180+1"]
[EndTime "11:32:41 PDT"]
[Termination "amintabatabaei won on time"]

1. b3 Nf6 2. Bb2 g6 3. Bxf6 exf6 4. c4 d5 5. cxd5 Qxd5 6. Nc3 Qa5 7. a3 c5 8. g3 Bg7 9. Bg2 O-O 10. e3 f5 11.
Nge2 Nc6 12. O-O Rd8 13. b4 cxb4 14. axb4 Qxb4 15. d4 Qd6 16. Nf4 Bd7 17. Qb3 b6 18. Nb5 Qf8 19. Rfc1 Na5 20. Rxa5 bxa5 21. Bxa8 Rxa8 22.
Rc7 Qd8 23. Qd5 Be8 24. Qxd8 Rxd8 25. Nc3 Ra8 26. Rc5 Bf8 27. Rc4 Rb8 28. Nfd5 Kg7 29. Rc7 a4 0-1

[Event "*** SCC Grand Prix: Titled Tuesday Blitz"]
[Site "Chess.com"]
[Date "2020.08.11"]
[Round "8"]
[White "swimmerchess"]
[Black "BocharovD"]
[Result "1-0"]
[WhiteElo "2838"]
[BlackElo "2707"]
[TimeControl "180+1"]
[EndTime "11:32:45 PDT"]
[Termination "swimmerchess won by resignation"]

1. e4 c5 2. Nf3 e6 3. d4 cxd4 4. Nxd4 a6 5. Nc3 Qc7 6. Bd3 Nf6 7. O-O d6 8. Bd2 Be7 9. Qe2 O-O 10. Kh1 Nbd7 11. a4 b6 12. Rae1 Bb7 13. b4 Ne5 14. f4 Nxd3 15. cxd3 Qd7 16. g4 g6 17. g5 Ne8 18.
Rf3 Ng7 19. Ref1 f5 20. gxf6 Bxf6 21. Be3 Rac8 22. Qb2 e5 23. fxe5 Bxe5 24. Qb3+ Kh8 25. Rxf8+ 1-0

[Event "*** SCC Grand Prix: Titled Tuesday Blitz"]
[Site "Chess.com"]
[Date "2020.08.11"]
[Round "8"]
[White "politeplayer"]
[Black "Jovidon91"]
[Result "1-0"]
[WhiteElo "2255"]
[BlackElo "2432"]
[TimeControl "180+1"]
[EndTime "11:32:47 PDT"]
[Termination "politeplayer won by resignation"]

1. e4 c5 2. d4 cxd4 3. c3 d3 4. Bxd3 e6 5. Nf3 a6 6. c4 Nc6 7. Nc3 d6 8. O-O Nf6 9. b3 Be7 10. Bb2 O-O 11. Qe2 b6 12. Rad1 Bb7 13. e5 Ne8 14. Qe4 g6 15. exd6 Nxd6 16. Qf4 Qb8 17.
Qh6 Rd8 18. Nd5 Ne8 19. Nxe7+ Nxe7 20. Ng5 Qf4 21. Qxh7+ Kf8 22. Qh6+ Ng7 23. Nh7+ Ke8 24. Qxf4 1-0

[Event "*** SCC Grand Prix: Titled Tuesday Blitz"]
[Site "Chess.com"]
[Date "2020.08.11"]
[Round "8"]
[White "Zarinur"]
[Black "Chessbard1972"]
[Result "0-1"]
[WhiteElo "2147"]
[BlackElo "2321"]
[TimeControl "180+1"]
[EndTime "11:32:53 PDT"]
[Termination "Chessbard1972 won by resignation"]

1. e4 c5 2. Nf3 a6 3. g3 Nc6 4. Bg2 g6 5. O-O Bg7 6. Re1 e5 7. d3 Nge7 8. Nc3 O-O 9. Be3 d6 10. a4 h6 11. Nd2 f5 12. Nc4 f4 13. Bd2 Be6 14. Bf3 Nd4 15. Bh1 fxg3 16. hxg3 Nec6 17. Be3 Qe7 18. Qd2 Kh7 19. Nb6 Rae8 20. Nbd5 Qf7 21. Bg2 Nf3+ 22. Bxf3 Qxf3 23. Qe2 Qf7 24. Kg2 h5 25. Rh1 Kg8 26. Rh4 Nd4 27.
Bxd4 cxd4 28. Na2 Bxd5 29. exd5 Qxd5+ 30. Re4 Qf7 31. Rh1 d5 32. Reh4 e4 33. Nb4 exd3 34.
cxd3 Rxe2 0-1

[Event "*** SCC Grand Prix: Titled Tuesday Blitz"]
[Site "Chess.com"]
[Date "2020.08.11"]
[Round "8"]
[White "mr65"]
[Black "WonderChampion"]
[Result "1-0"]
[WhiteElo "2146"]
[BlackElo "1977"]
[TimeControl "180+1"]
[EndTime "11:32:53 PDT"]
[Termination "mr65 won by checkmate"]

1. e4 c5 2. Nf3 g6 3. d4 cxd4 4. Qxd4 Nf6 5. e5 Nc6 6. Qa4 Nd5 7. Qe4 Nc7 8. Nc3 Bg7 9. Bf4 O-O 10. O-O-O Ne6 11.
h4 h5 12. Bg5 Nc5 13. Qe3 Ne6 14. Bh6 Kh7 15. Bxg7 Kxg7 16. Bd3 d6 17. exd6 exd6 18. g4 hxg4 19. h5 gxf3 20. hxg6 Qg5 21. Rh7+ Kg8 22.
Rdh1 fxg6 23. Nd5 Qxe3+ 24. fxe3 Ne5 25. Ne7# 1-0

[Event "*** SCC Grand Prix: Titled Tuesday Blitz"]
[Site "Chess.com"]
[Date "2020.08.11"]
[Round "8"]
[White "Beca95"]
[Black "Shahinyan_ChessMood"]
[Result "1-0"]
[WhiteElo "2884"]
[BlackElo "2709"]
[TimeControl "180+1"]
[EndTime "11:32:54 PDT"]
[Termination "Beca95 won on time"]

1. d4 Nf6 2. c4 c5 3. d5 e6 4. Nc3 exd5 5. cxd5 d6 6. Nf3 g6 7. Bg5 a6 8. e4 b5 9. Nd2 Bg7 10. Qc2 O-O 11. a4 b4 12. Nd1 Nbd7 13. Ne3 Re8 14. Be2 Qc7 15. O-O b3 16. Qb1 Rb8 17. Rc1 Rb4 18.
f3 h6 19. Bh4 Nh5 20. Bf1 f5 21. Bf2 fxe4 22. Nxe4 Kh7 23. Rc4 Ndf6 24. Nd2 Bb7 25.
Rxb4 cxb4 26. Nxb3 Nxd5 27. Nxd5 Bxd5 28. Qd1 Qf7 29.
Nd4 a5 30. Rc1 Nf4 31. Qd2 Ne6 32. Nb5 Be5 33. Re1 Nf4 34. Kh1 h5 35. Bg3 g5 36.
Bxf4 Bxf4 37. Qd3+ Kg7 38. Rxe8 Qxe8 39. Qxd5 Qe1 40. Qd3 Qh4 41. g3 Bxg3 42. Qe2 Be5 43. Nc7 Kf7 44. Nd5 Qd4 45. Ne3 1-0

[Event "*** SCC Grand Prix: Titled Tuesday Blitz"]
[Site "Chess.com"]
[Date "2020.08.11"]
[Round "8"]
[White "Carnivoras"]
[Black "TranJMinh"]
[Result "0-1"]
[WhiteElo "2655"]
[BlackElo "2835"]
[TimeControl "180+1"]
[EndTime "11:32:54 PDT"]
[Termination "TranJMinh won by resignation"]

1. d4 Nf6 2. Nf3 b6 3. g3 Bb7 4. Bg2 e6 5. O-O Be7 6. c4 O-O 7. Nc3 Ne4 8. Bd2 Bf6 9. Nxe4 Bxe4 10. Bc3 c5 11. Qd2 Nc6 12. dxc5 Bxc3 13. Qxc3 bxc5 14. Rfd1 Qe7 15. b3 Rfd8 16. Rd2 a5 17. a4 Rab8 18. Ne1 Bxg2 19. Kxg2 d6 20. Nc2 Qb7 21. Rb1 Kf8 22. Kg1 Qb6 23. Na3 Qb4 24. Qb2 d5 25. cxd5 Nd4 26. Rd3 exd5 27. e3 Nf3+ 28. Kh1 Qe4 29.
Qe2 Ne5+ 0-1

[Event "*** SCC Grand Prix: Titled Tuesday Blitz"]
[Site "Chess.com"]
[Date "2020.08.11"]
[Round "8"]
[White "Kate1606"]
[Black "mohssenbinaddi"]
[Result "1-0"]
[WhiteElo "1815"]
[BlackElo "2167"]
[TimeControl "180+1"]
[EndTime "11:32:56 PDT"]
[Termination "Kate1606 won by resignation"]

1. d4 Nc6 2. e4 e5 3. Nf3 exd4 4. Bc4 Bc5 5. c3 d3 6. b4 Be7 7. Qb3 d5 8. Bxd5 Bg4 9. Bxf7+ Kd7 10. b5 Na5 11. Qd5+ Kc8 12. Be6+ Bxe6 13. Qxe6+ Kb8 14.
O-O Nf6 15. Bd2 Re8 16. Qf5 g6 17. Qf4 Bd6 18. e5 Nh5 19. Qa4 Bxe5 20. Qxa5 Rf8 21. Nxe5 1-0

[Event "*** SCC Grand Prix: Titled Tuesday Blitz"]
[Site "Chess.com"]
[Date "2020.08.11"]
[Round "8"]
[White "Dedic8"]
[Black "ManuDavid2910"]
[Result "0-1"]
[WhiteElo "2812"]
[BlackElo "2658"]
[TimeControl "180+1"]
[EndTime "11:32:57 PDT"]
[Termination "ManuDavid2910 won by resignation"]

1. e4 c5 2. Nf3 Nc6 3. Bb5 e6 4. O-O Nge7 5. Re1 g6 6. c3 Bg7 7. d4 cxd4 8. cxd4 Qb6 9. Bxc6 Nxc6 10. d5 Nd4 11. Nc3 O-O 12. Rb1 d6 13. Be3 e5 14.
h3 f5 15. Bxd4 exd4 16. Na4 Qa5 17. b4 Qb5 18. e5 dxe5 19. Nxe5 Qxd5 20. Nd3 b6 21. a3 Bb7 22. f3 Rfe8 23. Nab2 Re3 24. Qc2 Rae8 25. Nc4 Rxe1+ 26. Rxe1 Rc8 27. Rc1 Ba6 28.
Ndb2 d3 29. Qa4 d2 30. Rd1 Bxc4 31. Nxc4 0-1

[Event "*** SCC Grand Prix: Titled Tuesday Blitz"]
[Site "Chess.com"]
[Date "2020.08.11"]
[Round "8"]
[White "sergeikim"]
[Black "Srisshhhtea"]
[Result "0-1"]
[WhiteElo "2453"]
[BlackElo "2360"]
[TimeControl "180+1"]
[EndTime "11:32:58 PDT"]
[Termination "Srisshhhtea won by resignation"]

1. d4 Nf6 2. c4 g6 3. Nc3 Bg7 4. e4 d6 5. Nge2 O-O 6. Ng3 c6 7. Be2 Na6 8. O-O e5 9. d5 cxd5 10. cxd5 Bd7 11. Be3 h5 12. f3 h4 13. Nh1 Nh5 14.
Qd2 f5 15. Bg5 Bf6 16. Bxf6 Qxf6 17. g3 hxg3 18. hxg3 Kg7 19. Kg2 Rh8 20. exf5 Bxf5 21. Nf2 Nxg3 22. Rg1 Qh4 23. Ng4 Bxg4 24. fxg4 Raf8 0-1

[Event "*** SCC Grand Prix: Titled Tuesday Blitz"]
[Site "Chess.com"]
[Date "2020.08.11"]
[Round "8"]
[White "Susal_De_Silva"]
[Black "shnitez"]
[Result "1-0"]
[WhiteElo "2348"]
[BlackElo "2450"]
[TimeControl "180+1"]
[EndTime "11:32:58 PDT"]
[Termination "Susal_De_Silva won by resignation"]

1. e4 c5 2. Nf3 e6 3. d4 cxd4 4. Nxd4 a6 5. Be2 Nf6 6. Nc3 Qc7 7. O-O d6 8. a4 b6 9. f4 Nbd7 10. Bf3 Bb7 11. g4 e5 12. Nb3 Nc5 13. Nxc5 dxc5 14.
g5 Rd8 15. Qe1 Nd7 16. f5 c4 17. Be3 Bc5 18. Kh1 Bxe3 19. Qxe3 Qc5 20. Qe1 O-O 21. Rd1 Nb8 22. Qh4 Nc6 23. f6 Rxd1 24. Rxd1 Nd4 25.
Bg2 gxf6 26. gxf6 Kh8 27. Nd5 Bxd5 28. exd5 Qd6 29. c3 Nb3 30. Be4 1-0

[Event "*** SCC Grand Prix: Titled Tuesday Blitz"]
[Site "Chess.com"]
[Date "2020.08.11"]
[Round "8"]
[White "arminmusovic"]
[Black "ValeriyGrinev"]
[Result "1-0"]
[WhiteElo "2517"]
[BlackElo "2626"]
[TimeControl "180+1"]
[EndTime "11:32:59 PDT"]
[Termination "arminmusovic won by resignation"]

1. a3 g6 2. Nc3 Bg7 3. e4 c5 4.
Nf3 Nc6 5. Bc4 e6 6. Ba2 Nge7 7. d3 O-O 8. O-O d5 9. Re1 d4 10. Ne2 h6 11. h4 Kh7 12. h5 g5 13. Ng3 f6 14. e5 f5 15. Bxg5 hxg5 16. Nxg5+ Kh8 17. Bxe6 Nxe5 18. f4 Ng4 19. Nf7+ Rxf7 20. Bxf7 Ne3 21. Rxe3 dxe3 22. c3 Qd6 23. Qf3 Qxd3 24.
Rd1 e2 25. Qxd3 exd1=Q+ 26. Qxd1 Bf6 27. Qd6 Kg7 28. Ba2 b6 29. h6+ Kg6 30. h7 Bb7 31.
Bg8 Rxg8 32. hxg8=Q+ Nxg8 33. Qd7 Be4 34. Nxe4 fxe4 35.
Qg4+ Kf7 36. f5 Ne7 37. Qxe4 Kg7 38. g4 Bg5 39. Kf1 Kf6 40. Qe6+ Kg7 41. Qd7 a6 42. Qb7 Kf6 43. Qxb6+ Ke5 44. Qe6+ Kf4 45. f6 Ng6 46.
Qf5+ Kg3 47. Qxg5 Nf8 48. Qf5 1-0

[Event "*** SCC Grand Prix: Titled Tuesday Blitz"]
[Site "Chess.com"]
[Date "2020.08.11"]
[Round "8"]
[White "FlamingPhoenix123"]
[Black "VishnuPrasanna"]
[Result "0-1"]
[WhiteElo "2556"]
[BlackElo "2689"]
[TimeControl "180+1"]
[EndTime "11:33:02 PDT"]
[Termination "VishnuPrasanna won by resignation"]

1. d4 d5 2. Nf3 Nf6 3. c3 c6 4. g3 Bf5 5. Bg2 h6 6. O-O Nbd7 7. Nbd2 e6 8. Ne5 Bd6 9. f4 Bh7 10. Qe1 c5 11. e3 O-O 12. Nb3 c4 13. Nd2 b5 14. e4 dxe4 15. Nxe4 Nxe4 16. Bxe4 Bxe4 17. Qxe4 Nf6 18. Qe2 Nd5 19. f5 exf5 20. Rxf5 Re8 21. Qg4 Bxe5 22. dxe5 Qc7 23. Bd2 Qb6+ 24. Kh1 Ne3 25.
Bxe3 Qxe3 26. Rg1 Rad8 27. Rgf1 Re7 28. Qf4 Qd3 29. Qf2 Rdd7 30. Qf3 Qc2 31. Qf2 Rd2 32. Qg1 Qe4+ 33. R5f3 Red7 34. Qc5 R2d3 35. Qf2 Qxe5 36. Rxf7 Qd5+ 0-1

[Event "*** SCC Grand Prix: Titled Tuesday Blitz"]
[Site "Chess.com"]
[Date "2020.08.11"]
[Round "8"]
[White "chessfrendz"]
[Black "GustavoJuarezF"]
[Result "1-0"]
[WhiteElo "2264"]
[BlackElo "2031"]
[TimeControl "180+1"]
[EndTime "11:33:04 PDT"]
[Termination "chessfrendz won on time"]

1. d4 g6 2. c4 Bg7 3. e4 d6 4.
Nc3 Nc6 5. Be3 e5 6. Nge2 f5 7. dxe5 Nxe5 8. exf5 Bxf5 9. Nd4 Bd7 10. Be2 Nf6 11. h3 O-O 12. O-O Kh8 13. Qd2 a6 14. Rae1 Qe8 15. f4 Nc6 16. Bf3 Qf7 17. Nd5 Nxd4 18.
Bxd4 Bc6 19. Re7 Qg8 20. Nxc7 Rac8 21. Ne6 Rf7 22. Rxf7 Qxf7 23. f5 gxf5 24. Nxg7 Qxg7 25. Bxc6 Rxc6 26. Rxf5 d5 27. Qf4 1-0

[Event "*** SCC Grand Prix: Titled Tuesday Blitz"]
[Site "Chess.com"]
[Date "2020.08.11"]
[Round "8"]
[White "szachuspl"]
[Black "Nara_Kh"]
[Result "0-1"]
[WhiteElo "2502"]
[BlackElo "2329"]
[TimeControl "180+1"]
[EndTime "11:33:05 PDT"]
[Termination "Nara_Kh won by resignation"]

1. d4 d5 2. c4 c6 3. e3 Nf6 4. Nf3 Bf5 5. Nbd2 e6 6. Be2 c5 7.
O-O Nc6 8. cxd5 exd5 9. dxc5 Bxc5 10. Nb3 Bd6 11. Nbd4 Bg6 12. b3 O-O 13. Bb2 a6 14. Nxc6 bxc6 15. Rc1 Rc8 16. Bxa6 Rc7 17. Bd3 Ne4 18.
Bxe4 Bxe4 19. Qd4 f6 20. Rfd1 Qe7 21. Bc3 Qf7 22. Nd2 c5 23. Qa4 Ra7 24. Qc6 Bb8 25. Nxe4 dxe4 26. Rc2 Qh5 27. h3 Qxd1+ 0-1

[Event "*** SCC Grand Prix: Titled Tuesday Blitz"]
[Site "Chess.com"]
[Date "2020.08.11"]
[Round "8"]
[White "MFBerna"]
[Black "NateSolon"]
[Result "1-0"]
[WhiteElo "2411"]
[BlackElo "2507"]
[TimeControl "180+1"]
[EndTime "11:33:08 PDT"]
[Termination "MFBerna won by resignation"]

1. c4 Nf6 2. Nf3 e6 3. g3 d5 4.
Bg2 Be7 5. b3 O-O 6. O-O b6 7.
Bb2 c5 8. e3 Bb7 9. cxd5 Nxd5 10. d4 Bf6 11. Nbd2 cxd4 12. Nxd4 Nd7 13. Ne4 Be7 14. Rc1 Rc8 15. Qe2 Nc5 16. Nxc5 Bxc5 17.
Rfd1 Qe7 18. Nf5 exf5 19. Bxd5 Bxd5 20. Rxd5 g6 21. Rcd1 Rfd8 22. Qd3 Rxd5 23. Qxd5 Re8 24. h4 h5 25. Qc6 Qe6 26. Qb7 a5 27. Qc7 Rc8 28. Rd8+ Rxd8 29. Qxd8+ Bf8 30. Ba3 1-0